 Dungeon Crawl Stone Soup version 0.20.1-1-g8b1a95d (webtiles) character file.

87 Monsterracer the Digger (level 4, -2/24 HPs)
             Began as a Gargoyle Earth Elementalist on Oct 17, 2017.
             Slain by a gnoll
             ... wielding a +0 spear
              (6 damage)
             ... on level 2 of the Dungeon.
             The game lasted 00:03:12 (1659 turns).

Monsterracer the Digger (GrEE)                      Turns: 1659, Time: 00:03:13

Health: -2/24      AC:  5    Str: 12      XL:     4   Next: 51%
Magic:  0/8        EV: 12    Int: 13 (16) God:
Gold:   72         SH:  0    Dex: 10      Spells: 3/9 levels left

rFire    . . .     SeeInvis .   b - +1 dagger (freeze)
rCold    . . .     Gourm    .   (no shield)
rNeg     + . .     Faith    .   c - +0 robe
rPois    ∞         Spirit   .   (no helmet)
rElec    +         Reflect  .   (no cloak)
rCorr    .         Harm     .   (no gloves)
MR       +....                  (no boots)
Stlth    ++........             (no amulet)
Regen    0.1/turn               g - ring of protection from magic
MPRegen  0.2/turn               (no ring)

@: no status effects
A: negative energy resistance 1, electricity resistance, unbreathing,
petrification resistance, rot immunity, AC +3
a: no special abilities


You were on level 2 of the Dungeon.
You were hungry.

You visited 1 branch of the dungeon, and saw 2 of its levels.

You collected 72 gold pieces.

Inventory:

Hand Weapons
 a - a +0 short sword
 b - a +1 dagger of freezing (weapon)
Missiles
 h - 71 stones (quivered)
Armour
 c - a +0 robe (worn)
 k - a +0 ring mail
Jewellery
 g - a ring of protection from magic (left hand)
Scrolls
 i - 2 scrolls of blinking {unknown}
 l - a scroll of immolation {unknown}
 m - a scroll of fog {unknown}
Books
 e - a book of Geomancy

   Spells                             Type                      Level
   a - Sandblast                      Earth                        1
   b - Passwall                       Transmutation/Earth          2
   c - Stone Arrow                    Conjuration/Earth            3
   d - Petrify                        Transmutation/Earth          4
   e - Lee's Rapid Deconstruction     Earth                        5
Comestibles
 d - 2 bread rations
 f - a royal jelly
 j - 2 fruits


   Skills:
 - Level 1.5 Dodging
 - Level 2.1 Stealth
 + Level 3.2 Spellcasting
 - Level 0.7 Transmutations
 * Level 5.1 Earth Magic


You had 3 spell levels left.
You knew the following spells:

 Your Spells              Type           Power        Failure   Level  Hunger
a - Sandblast             Erth           ###...       2%          1    #......
b - Passwall              Tmut/Erth      #.........   10%         2    ##.....
c - Stone Arrow           Conj/Erth      #.....       24%         3    ###....


Dungeon Overview and Level Annotations

Branches:
Dungeon (2/15)

Altars:
Sif Muna


Innate Abilities, Weirdness & Mutations

You are resistant to torment.
Your stone body is resilient. (AC +3)
You are immune to poison.
You resist negative energy. (rN+)
You are resistant to electric shocks. (rElec)
You can survive without breathing.
You are immune to petrification.
You are immune to rotting.


Message History

Confirm with . or Enter, or press ? or * to list all spells.
Aiming: Sandblast
Press: ? - help, Shift-Dir - straight line, f/p - gnoll
Aim: a gnoll, wielding a spear The blast of sand misses the gnoll.
h - 71 stones
* * * LOW MAGIC WARNING * * *
The gnoll hits you with a spear.
* * * LOW HITPOINT WARNING * * *
Huge Dmg: -17%(-4hp) hp: 38%(9hp)
You hit the gnoll. You freeze the gnoll.
The gnoll is moderately wounded.
The gnoll hits you with a spear.
* * * LOW HITPOINT WARNING * * *
Huge Dmg: -13%(-3hp) hp: 25%(6hp)
The gnoll hits you from afar with a spear.
* * * LOW HITPOINT WARNING * * *
Huge Dmg: -16%(-4hp) hp: 9%(2hp)
The gnoll barely misses you.
Your magical contamination has completely faded away.
Casting: Sandblast
Confirm with . or Enter, or press ? or * to list all spells.
Aiming: Stone Arrow
Press: ? - help, Shift-Dir - straight line, f/p - gnoll
Aim: a gnoll, wielding a spear (lightly wounded)
The stone arrow hits the gnoll.
The gnoll is severely wounded.
* * * LOW MAGIC WARNING * * *
The gnoll hits you from afar with a spear.
You die...

#.##.#.# #.....# #.
#.##.#.# #.....# #.
#......# ####### #.
####.### #. #.# #.
#.# ########## #g
#.# #........# #.
#.####........# #.
#..@.g.g......#####.
######..............
#........######
###......# ########


You could see a gnoll and a hobgoblin.

Vanquished Creatures
  2 adders (D:2)
  3 gnolls (D:2)
  3 worms (D:2)
  A ball python (D:2)
  3 bats
  4 giant cockroaches
  4 goblins
  3 hobgoblins
  3 frilled lizards
  6 kobolds
  2 rats (D:2)
34 creatures vanquished.

Notes
Turn   | Place    | Note
-------+----------+-------------------------------------------
     0 | D:1      | Monsterracer the Gargoyle Earth Elementalist began the quest for the Orb.
     0 | D:1      | Reached XP level 1. HP: 10/10 MP: 3/3
    20 | D:1      | HP: 5/10 [kobold/dagger (2)]
   304 | D:1      | Reached skill level 4 in Earth Magic
   304 | D:1      | Reached XP level 2. HP: 15/15 MP: 5/5
   310 | D:1      | Learned a level 2 spell: Passwall
   687 | D:1      | Learned a level 1 spell: Sandblast
   887 | D:2      | Found a faded altar of an unknown god.
   907 | D:2      | HP: 7/15 [worm (3)]
   909 | D:2      | Reached XP level 3. HP: 9/19 MP: 2/7
   914 | D:2      | Learned a level 3 spell: Stone Arrow
   929 | D:2      | Became a worshipper of Sif Muna the Loreminder
   929 | D:2      | Reached * piety under Sif Muna
  1089 | D:2      | Fell from the grace of Sif Muna
  1185 | D:2      | HP: 6/19 [worm (8)]
  1191 | D:2      | HP: 3/19 [adder (4)]
  1497 | D:2      | Reached XP level 4. HP: 23/24 MP: 8/8
  1610 | D:2      | Reached skill level 5 in Earth Magic
  1613 | D:2      | HP: 12/24 [gnoll (5)]
  1622 | D:2      | HP: 12/24 [gnoll/spear (1)]
  1631 | D:2      | HP: 9/24 [gnoll/spear (4)]
  1633 | D:2      | HP: 2/24 [gnoll/spear (4)]
  1659 | D:2      | Slain by a gnoll

Skill      XL: |  1  2  3  4 |
---------------+-------------+-----
Earth Magic    | 4 5 |  5.1
Spellcasting   | 3 |  3.2
Dodging        | |  1.5
Stealth        | |  2.1
Transmutations | |  0.7

Action                   |  1- 3 |  4- 6 || total
-------------------------+-------+-------++-------
Melee: Dagger            |    64 |     7 ||    71
       Short sword       |     9 |       ||     9
 Cast: Sandblast         |    14 |     9 ||    23
       Stone Arrow       |     2 |     1 ||     3
Invok: Renounce Religion |     1 |       ||     1
  Use: Scroll            |     2 |       ||     2
 Stab: Sleeping          |     2 |       ||     2
  Eat: Chunk             |     2 |       ||     2
Armor: Robe              |    23 |     5 ||    28
Dodge: Dodged            |    47 |    11 ||    58

Vault maps used:
D:1:      dpeg_arrival_central, serial_forest, infiniplex_forest_corner_2,
          infiniplex_forest_lined_1, infiniplex_forest_lined_4_way,
          infiniplex_forest_fountain, infiniplex_forest_zigzag_1
D:2:      chequers_ecumenical_altar_simple_redux
